 Dungeon Crawl Stone Soup version 0.23-a0-78-gc252fe1 (webtiles) character file.

10533 galech the Cleaver (level 11, -2/100 HPs)
             Began as a Deep Dwarf Fighter on Aug 10, 2018.
             Was a Believer of Elyvilon.
             Slain by Snorg (18 damage)
             ... on level 9 of the Dungeon.
             The game lasted 00:17:19 (8272 turns).

galech the Cleaver (Deep Dwarf Fighter)             Turns: 8272, Time: 00:17:20

Health: -2/100     AC: 14    Str: 20    XL:     11   Next: 37%
Magic:  9/9        EV: 13    Int:  9    God:    Elyvilon [**....]
Gold:   487        SH: 15    Dex: 15    Spells: 10/10 levels left

rFire    . . .     SeeInvis +   a - +0 war axe
rCold    + . .     Gourm    .   c - +0 shield
rNeg     . . .     Faith    .   u - +0 ring mail {rPois}
rPois    +         Spirit   .   P - +0 helmet
rElec    .         Reflect  +   U - +1 cloak
rCorr    .         Harm     .   G - +1 pair of gloves
MR       +....                  e - +1 pair of boots
Stlth    ++........             N - +4 amulet of reflection
HPRegen  0.00/turn              A - ring of see invisible
MPRegen  0.11/turn              C - ring of protection from cold

@: non-regenerating
A: damage resistance, heal wounds, sense surroundings 2, no regeneration
a: Heal Wounds, Lesser Healing, Heal Other, Divine Protection, Renounce Religion


You were on level 9 of the Dungeon.
You worshipped Elyvilon.
Elyvilon was pleased with you.
You were not hungry.

You visited 2 branches of the dungeon, and saw 14 of its levels.

You collected 602 gold pieces.
You spent 115 gold pieces at shops.

Inventory:

Hand Weapons
 a - a +0 war axe (weapon)
Armour
 b - a +0 scale mail
 c - a +0 shield (worn)
 e - a +1 pair of boots (worn)
 u - a +0 ring mail of poison resistance (worn)
 v - a +0 chain mail
 G - a +1 pair of gloves (worn)
 P - a +0 helmet (worn)
 U - a +1 cloak (worn)
Jewellery
 A - a ring of see invisible (left hand)
 C - a ring of protection from cold (right hand)
 F - an uncursed amulet of magic regeneration
 N - a +4 amulet of reflection (around neck)
Wands
 i - a wand of enslavement (10)
 q - a wand of iceblast (5)
 y - a wand of scattershot (6)
 L - a wand of disintegration (19)
 O - a wand of acid (8)
Scrolls
 k - 5 scrolls of remove curse
 l - 2 scrolls of magic mapping
 n - 2 scrolls of enchant armour {unknown}
 p - 11 scrolls of identify
 r - 6 scrolls of enchant weapon
 s - 3 scrolls of teleportation
 B - 2 scrolls of fog {unknown}
 E - 2 scrolls of blinking {unknown}
 I - a scroll of noise {unknown}
 K - a scroll of fear {unknown}
 M - a scroll of immolation {unknown}
 S - a scroll of amnesia {unknown}
Potions
 d - a potion of might
 g - 2 potions of haste {unknown}
 h - 2 potions of agility {unknown}
 j - 2 potions of mutation {unknown}
 m - 2 potions of resistance {unknown}
 o - 5 potions of heal wounds {unknown}
 t - 4 potions of curing {unknown}
 x - 4 potions of magic {unknown}
 z - 3 potions of invisibility {unknown}
 D - a potion of lignification {unknown}
 H - a potion of flight {unknown}
 J - 2 potions of degeneration {unknown}
 Q - a potion of cancellation {unknown}
 R - 2 potions of brilliance {unknown}
 T - a potion of berserk rage {unknown}
Comestibles
 f - 22 rations
 w - a chunk of flesh


   Skills:
 + Level 7.3 Fighting
 + Level 11.8 Axes
 + Level 6.7 Armour
 + Level 6.1 Dodging
 + Level 2.5 Stealth
 + Level 8.8 Shields
 * Level 7.6 Invocations


You had 10 spell levels left.
You didn't know any spells.
Your spell library contained the following spells:

 Spells                   Type           Power        Failure   Level  Hunger
 Confuse                  Hex            #.......     99%         3    ####...
 Statue Form              Tmut/Erth      #........    100%        6    #######
 Dragon Form              Tmut           #.........   100%        7    #######
 Confusing Touch          Hex            #.....       82%         1    ##.....
 Metabolic Englaciation   Hex/Ice        #.........   100%        5    ######.
 Petrify                  Tmut/Erth      #.......     100%        4    #####..
 Hydra Form               Tmut           #.........   100%        6    #######
 Irradiate                Conj/Tmut      #.........   100%        5    ######.
 Gell's Gravitas          Tloc           #.........   99%         3    ####...
 Yara's Violent Unravell  Hex/Tmut       #.........   100%        5    ######.


Dungeon Overview and Level Annotations

Branches:
Dungeon (13/15)            Temple (1/1) D:6             Orc (0/2) D:9
   Lair: D:8-11      Vaults: D:13-14

Altars:
Ashenzari
Cheibriados
Dithmenos
Elyvilon
Fedhas
Gozag
Hepliaklqana
Kikubaaqudgha
Makhleb
Nemelex Xobeh
Okawaru
Qazlal
Ru
Sif Muna
Trog
Uskayaw
Vehumet
Wu Jian
Xom
Yredelemnul
Zin
The Shining One

Shops:
D:6 [

Annotations:
D:9 Snorg


Innate Abilities, Weirdness & Mutations

You are resistant to damage.
You can heal yourself by infusing magical energy.
You passively map the area around you.
You do not regenerate.


Message History

You slice Snorg!!
Snorg is severely wounded.
Snorg closely misses you. You block Snorg's attack. Snorg claws you!
You closely miss Snorg.
Snorg is severely wounded.
Snorg bites you!!
You block Snorg's attack. x2; Snorg closely misses you.
Snorg barely misses you. Snorg claws you!
You hit Snorg.
Snorg is severely wounded.
Snorg bites you!
* * * LOW HITPOINT WARNING * * *
Snorg closely misses you. Snorg claws you but does no damage.
You slash Snorg!
Snorg is almost dead.
You block Snorg's attack. x2; Snorg claws you.
* * * LOW HITPOINT WARNING * * *
You barely miss Snorg.
Snorg is almost dead.
Snorg bites you!!
You die...

....#.#..#.#.).##....#
..###......#.#.))((..#
#.#.####...###..#)...#####
#....###..)...###........#
.####.###..#### #........#
#################.......##
#..#.........#..........#
#..##'########...T......#
#...............@.......#
..................#######
..................#
..................########
............[............#
)......#######...........#
#......#.....'.....).....#
#......#.....#...........#
#......#.....#...........#


You could see Snorg (berserk).

Vanquished Creatures
  Harold (D:10)
  4 two-headed ogres
  An ugly thing (D:11)
  A centaur zombie (D:12)
  2 guardian serpents (D:9)
  A gargoyle (D:11)
  A queen bee (D:8)
  A troll (D:10)
  A slime creature (D:11)
  A hippogriff (D:7)
  Sigmund (D:5)
  A wyvern (D:9)
  Eustachio (D:4)
  2 wargs (D:9)
  An orc warrior (D:9)
  4 sky beasts
  A phantom (D:8)
  5 ogres
  A necrophage (D:5)
  3 centaurs
  A crocodile (D:12)
  3 bullfrogs
  A big kobold (D:6)
  A gnoll sergeant (D:10)
  5 scorpions
  A water moccasin skeleton (D:6)
  19 killer bees
  3 wights (D:8)
  A bullfrog zombie (D:6)
  5 crimson imps
  9 orc wizards
  2 jellies
  A centaur skeleton (D:4)
  6 orc priests
  Ijyb (D:4)
  4 worker ants
  A killer bee zombie (D:8)
  A hound zombie (D:8)
  A mummy (D:9)
  3 worker ant zombies
  14 gnolls
  4 adders
  4 shadow imps
  An ooze (D:5)
  6 worms
  A dart slug (D:2)
  5 leopard geckos
  34 orcs
  6 giant cockroaches
  15 goblins
  14 hobgoblins
  11 jackals
  10 kobolds
  3 quokkas
  2 ball pythons
  4 bats
  7 frilled lizards
  A jackal skeleton (D:8)
  2 leopard gecko skeletons
  A quokka zombie (D:7)
  6 rats
254 creatures vanquished.

Vanquished Creatures (others)
  A plant (D:2)
1 creature vanquished.

Grand Total: 255 creatures vanquished

Notes
Turn   | Place    | Note
-------+----------+-------------------------------------------
     0 | D:1      | galech the Deep Dwarf Fighter began the quest for the Orb.
     0 | D:1      | Reached XP level 1. HP: 20/20 MP: 1/1
   204 | D:1      | Found a sparkling altar of Nemelex Xobeh.
   329 | D:1      | Reached XP level 2. HP: 27/27 MP: 2/2
   819 | D:2      | Reached XP level 3. HP: 33/33 MP: 3/3
  1579 | D:3      | Reached skill level 3 in Axes
  1640 | D:3      | Found a faded altar of an unknown god.
  1646 | D:3      | Reached XP level 4. HP: 21/40 MP: 4/4
  2013 | D:3      | Reached XP level 5. HP: 47/49 MP: 4/4
  2121 | D:4      | Reached skill level 4 in Axes
  2348 | D:4      | Noticed Ijyb
  2365 | D:4      | Killed Ijyb
  2475 | D:4      | Noticed Eustachio
  2504 | D:4      | Killed Eustachio
  2504 | D:4      | Reached skill level 1 in Dodging
  2504 | D:4      | Reached skill level 1 in Stealth
  2504 | D:4      | Reached XP level 6. HP: 50/57 MP: 5/5
  2675 | D:5      | Entered Level 5 of the Dungeon
  2756 | D:5      | Noticed Sigmund
  2768 | D:5      | Killed Sigmund
  2768 | D:5      | Reached skill level 5 in Axes
  2768 | D:5      | Reached XP level 7. HP: 41/64 MP: 6/6
  2792 | D:5      | Found a shadowy altar of Dithmenos.
  3134 | D:5      | Found a sacrificial altar of Ru.
  3610 | D:5      | Reached skill level 6 in Axes
  3610 | D:5      | Reached skill level 5 in Shields
  3680 | D:6      | Reached skill level 5 in Armour
  3681 | D:6      | Found Sayp's Armour Emporium.
  3692 | D:6      | Bought a +1 pair of gloves for 115 gold pieces
  3856 | D:6      | Reached XP level 8. HP: 38/73 MP: 7/7
  3878 | D:6      | Reached skill level 7 in Axes
  3926 | D:6      | Found a staircase to the Ecumenical Temple.
  3936 | Temple   | Entered the Ecumenical Temple
  4182 | D:6      | Found a deep blue altar of Sif Muna.
  4210 | D:6      | Found a shattered altar of Ashenzari.
  4210 | D:6      | Found an opulent altar of Gozag.
  4350 | D:6      | Found a white marble altar of Elyvilon.
  4353 | D:6      | Became a worshipper of Elyvilon the Healer
  4613 | D:7      | Reached skill level 5 in Fighting
  4647 | D:7      | Reached skill level 8 in Axes
  5165 | D:7      | Gained mutation: You passively map the area around you. [Deep Dwarf growth]
  5165 | D:7      | Reached XP level 9. HP: 43/81 MP: 7/7
  5291 | D:7      | Reached * piety under Elyvilon
  5334 | D:7      | Reached skill level 9 in Axes
  5334 | D:7      | Reached skill level 1 in Invocations
  5493 | D:8      | Found a blossoming altar of Fedhas.
  5598 | D:8      | Got an ichor-stained robe
  5609 | D:8      | Identified the +2 robe "Beky" {rPois Str+3} (You found it on level 8 of the Dungeon)
  5955 | D:8      | Noticed a two-headed ogre
  5963 | D:8      | Killed a two-headed ogre
  5973 | D:8      | Reached ** piety under Elyvilon
  6138 | D:8      | Found an ancient bone altar of Kikubaaqudgha.
  6169 | D:8      | Reached skill level 10 in Axes
  6403 | D:9      | Noticed a queen bee
  6494 | D:8      | Killed a queen bee
  6494 | D:8      | Reached XP level 10. HP: 44/91 MP: 9/11
  6586 | D:9      | Noticed a guardian serpent
  6603 | D:9      | Killed a guardian serpent
  6603 | D:9      | Reached skill level 5 in Dodging
  6603 | D:9      | Reached skill level 5 in Invocations
  6648 | D:9      | Noticed a guardian serpent
  6683 | D:9      | Killed a guardian serpent
  6855 | D:9      | Found a staircase to the Orcish Mines.
  7225 | D:9      | Found a snail-covered altar of Cheibriados.
  7538 | D:10     | Entered Level 10 of the Dungeon
  7585 | D:10     | Noticed Snorg
  7597 | D:10     | You fall through a shaft for 3 floors!
  7597 | D:13     | Noticed an unseen horror
  7597 | D:13     | Noticed a gargoyle
  7599 | D:13     | Noticed a deep elf mage
  7616 | D:12     | Noticed a two-headed ogre
  7647 | D:12     | Killed a two-headed ogre
  7703 | D:12     | Noticed a two-headed ogre
  7715 | D:12     | Killed a two-headed ogre
  7715 | D:12     | Reached skill level 11 in Axes
  7772 | D:12     | Reached XP level 11. HP: 59/99 MP: 12/12
  7814 | D:11     | Noticed a two-headed ogre
  7826 | D:11     | Killed a two-headed ogre
  7857 | D:11     | Noticed a brown ugly thing
  7874 | D:11     | Killed a brown ugly thing
  8186 | D:10     | Noticed Harold
  8209 | D:10     | Killed Harold
  8272 | D:9      | Slain by Snorg

Vault maps used:
D:1:      matt_arrival_spirals, nemelex_xobeh_ov_fountains_minmay
D:2:      cheibrodos_old_hovel
D:3:      chequers_ecumenical_altar_simple_redux
D:4:      kennysheep_goblin_castle, uniq_eustachio
D:5:      nicolae_dithmenos_the_darkroom, lemuel_doored_altar, first_ration,
          uniq_sigmund
D:6:      kennysheep_mini, kennysheep_little_box,
          gammafunk_temple_overflow_wave, minmay_temple_entry_butterflies,
          serial_shops, shop
D:8:      fedhas_altar_3, kiku_gazebo_pond_becter
D:9:      nrook_guardian_serpent_snake_passage, slow_altar_1, erik_orc_3,
          david_nohive_1
D:10:     uniq_harold, uniq_snorg
D:11:     minmay_lair_entry_lava
D:13:     david_vaults_4, ebering_ghost_inner_flame, wad_scary_box
Temple:   nicolae_temple_figure_eight

Skill      XL: |  1  2  3  4  5  6  7  8  9 10 11 |
---------------+----------------------------------+-----
Axes           | 3 4 5 6 8 10 11 | 11.8
Armour         | 4 5 6 |  6.7
Fighting       | 3 4 5 6 7 |  7.3
Shields        | 4 5 6 7 8 |  8.8
Dodging        | 1 2 3 4 5 6 |  6.1
Stealth        | 1 2 |  2.5
Invocations    | 4 6 7 |  7.6

Action                   |  1- 3 |  4- 6 |  7- 9 | 10-12 || total
-------------------------+-------+-------+-------+-------++-------
Melee: War axe           |   131 |   145 |   481 |   367 ||  1124
Invok: Lesser Healing    |       |       |    28 |    55 ||    83
 Abil: Heal Wounds       |     1 |     3 |     6 |    24 ||    34
  Use: Scroll            |       |     4 |       |     2 ||     6
  Eat: Chunk             |     3 |     4 |    10 |    11 ||    28
       Ration            |       |       |     2 |     1 ||     3
Armor: Scale mail        |    48 |     9 |       |       ||    57
       Ring mail         |       |    64 |   209 |   102 ||   375
Dodge: Dodged            |    30 |    51 |   247 |   261 ||   589
Block: Shield            |    58 |    90 |   344 |   346 ||   838
       Reflection        |       |       |       |     2 ||     2

Table legend:
 A = Non-vault XP
 B = Vault XP
 C = Vault XP percentage of total XP
 D = Non-vault monster count
 E = Vault monster count
 F = Vault count percentage of total count
 G = Total turns spent on level
                 A         B        C        D         E       F
            +---------+---------+-------+---------+---------+-------
      Total |   10800 |    4248 |  28.2 |     202 |      52 |  20.5
            +---------+---------+-------+---------+---------+-------
        D:1 |      16 |       0 |   0.0 |      10 |       0 |   0.0
        D:2 |      36 |       5 |  12.2 |      17 |       1 |   5.6
        D:3 |     144 |       0 |   0.0 |      32 |       0 |   0.0
        D:4 |     108 |     264 |  71.0 |      10 |      13 |  56.5
        D:5 |     441 |     220 |  33.3 |      17 |       1 |   5.6
        D:6 |     854 |       0 |   0.0 |      24 |       0 |   0.0
        D:7 |    1341 |       0 |   0.0 |      34 |       0 |   0.0
        D:8 |    1652 |     807 |  32.8 |      21 |       9 |  30.0
        D:9 |     446 |    1960 |  81.5 |       3 |      27 |  90.0
       D:10 |     897 |     992 |  52.5 |      22 |       1 |   4.3
       D:11 |    2172 |       0 |   0.0 |       5 |       0 |   0.0
       D:12 |    2693 |       0 |   0.0 |       7 |       0 |   0.0
            +---------+---------+-------+---------+---------+-------
